 Dungeon Crawl Stone Soup version 0.28-a0-1510-gd0f6b136d3 (webtiles) character file.

Game seed: 591319725477644898

4361 HallandMoats the Fighter (level 10, -3/92 HPs)
             Began as a Ghoul Fighter on Jan 14, 2022.
             Was an Initiate of Gozag.
             Slain by a wight (12 damage)
             ... on level 8 of the Dungeon.
             The game lasted 00:10:27 (10306 turns).

HallandMoats the Fighter (Ghoul Fighter)           Turns: 10306, Time: 00:10:29

Health: -3/92      AC: 20    Str: 25    XL:     10   Next: 34%
Magic:  9/9        EV:  8    Int:  7    God:    Gozag
Gold:   1901       SH:  4    Dex: 11    Spells: 9/9 levels left

rFire   . . .      SeeInvis .   b - +6 spear "Oqorph" {vorpal, rC+ rN+ Int+2 Dex-3}
rCold   + . .      Faith    .   c - +0 buckler
rNeg    + + +      Spirit   .   r - +0 plate armour
rPois   ∞          Reflect  .   q - +0 helmet
rElec   .          Harm     .   y - +0 cloak
rCorr   .          Rampage  .   B - +2 pair of gloves
Will    .....                   z - +1 pair of boots of the Vacuum {rC- Str+4 Dex+4}
Stlth   ..........              (no amulet)
HPRegen 0.00/turn               (no ring)
MPRegen 0.11/turn               (no ring)

@: gold aura, inhibited regen
A: claws 1, cold resistance 1, negative energy resistance 3, inhibited
regeneration, torment resistance 2
a: Renounce Religion, Potion Petition, Call Merchant, Bribe Branch


You were on level 8 of the Dungeon.
You worshipped Gozag.
Gozag was most pleased with you.
You visited 1 branch of the dungeon, and saw 8 of its levels.
You also visited: Ossuary.

You collected 1901 gold pieces.

Inventory:

Hand Weapons
 a - a +0 war axe
 b - the +6 spear "Oqorph" (weapon) {vorpal, rC+ rN+ Int+2 Dex-3}
   (You found it on level 7 of the Dungeon)

   It inflicts extra damage upon your enemies.
   Int:       It affects your intelligence (+2).
   Dex:       It affects your dexterity (-3).
   rC:        It protects you from cold.
   rN:        It protects you from negative energy.
 j - a +3 battleaxe of draining
 D - a +0 hand axe of flaming
Missiles
 i - a throwing net (quivered)
Armour
 c - a +0 buckler (worn)
 q - a +0 helmet (worn)
 r - a +0 plate armour (worn)
 y - a +0 cloak (worn)
 z - the +1 pair of boots of the Vacuum (worn) {rC- Str+4 Dex+4}
   (You acquired it on level 8 of the Dungeon)

   Str:       It affects your strength (+4).
   Dex:       It affects your dexterity (+4).
   rC:        It makes you vulnerable to cold.
 B - a +2 pair of gloves (worn)
Wands
 t - a wand of digging (3)
 F - a wand of mindburst (15)
Scrolls
 e - 3 scrolls of enchant armour {unknown}
 f - 10 scrolls of teleportation
 n - 3 scrolls of blinking
 o - 3 scrolls of magic mapping
 s - a scroll of enchant weapon
 v - a scroll of fear
 x - a scroll of silence
 A - a scroll of identify
 C - a scroll of brand weapon {unknown}
Potions
 d - a potion of berserk rage {unknown}
 g - 4 potions of curing
 h - a potion of flight {unknown}
 k - 2 potions of brilliance {unknown}
 l - 2 potions of heal wounds {unknown}
 m - 2 potions of invisibility {unknown}
 p - 2 potions of resistance {unknown}
 u - 2 potions of haste {unknown}
 w - 2 potions of ambrosia {unknown}
 E - a potion of cancellation {unknown}


   Skills:
 * Level 9.7 Fighting
 * Level 7.8 Axes
 + Level 6.0 Armour
 + Level 5.1 Dodging
 - Level 4.2 Shields


You had 9 spell levels left.
You didn't know any spells.
Your spell library contained the following spells:

 Spells                   Type           Power      Damage    Failure   Level
 Sandblast                Erth           0%         2d4       100%        1
 Shock                    Conj/Air       0%         1d3       100%        1
 Slow                     Hex            0%         N/A       100%        1
 Blink                    Tloc           0%         N/A       100%        2
 Passwall                 Tmut/Erth      0%         N/A       100%        2
 Scorch                   Fire           0%         2d5       100%        2
 Static Discharge         Conj/Air       0%         N/A       100%        2
 Confusing Touch          Hex            0%         N/A       100%        3
 Inner Flame              Hex/Fire       0%         N/A       100%        3
 Lesser Beckoning         Tloc           0%         N/A       100%        3
 Stone Arrow              Conj/Erth      0%         3d7       100%        3
 Swiftness                Air            0%         N/A       100%        3
 Vampiric Draining        Necr           0%         2d6       100%        3
 Airstrike                Air            0%         N/A       100%        4
 Cause Fear               Hex            0%         N/A       100%        4
 Flame Wave               Conj/Fire      0%         2d4       100%        4
 Petrify                  Tmut/Erth      0%         N/A       100%        4
 Irradiate                Conj/Tmut      0%         3d13      100%        5
 Lightning Bolt           Conj/Air       0%         1d11      100%        5
 Manifold Assault         Tloc           0%         N/A       100%        5
 Summon Cactus Giant      Summ           0%         N/A       100%        6
 Discord                  Hex            0%         N/A       100%        8
 Maxwell's Capacitive Co  Air            0%         ∞         100%        8
 Sublimation of Blood     Necr           Unusable   N/A       N/A         2

Dungeon Overview and Level Annotations

Branches:
Dungeon (8/15)             Temple (0/1) D:6         Ossuary (visited)
   Lair: D:8-11

Altars:
Fedhas
Gozag

Shops:
D:7 (*?


Innate Abilities, Weirdness & Mutations

You thrive by killing the living.
You are immune to poison.
You have sharp fingernails.
Your flesh is cold resistant. (rC+)
You are immune to negative energy. (rN+++)
You do not regenerate when monsters are visible.
You are immune to unholy pain and torment.


Message History

The killer bee is distracted by your dazzling golden aura.
The wight barely misses you.
Reach: b) +6 spear "Oqorph" {vorpal, rC+ rN+ Int+2 Dex-3}
Press: ? - help, Dir - move target, f - wight
Aim: a wight, wielding the +9 spear of Vaerydgho {speed, Fly rPois rCorr} and wearing a +0 robe (about 29% to evade the +6 spear "Oqorph")
You reach to attack!
You puncture the wight!
The wight is heavily damaged.
The killer bee is no longer distracted by gold.
The wight hits you but does no damage.
The killer bee stings you but does no damage.
The wight hits you from afar with the +9 spear of Vaerydgho {speed, Fly rPois rCorr}!
* * * LOW HITPOINT WARNING * * *
Reach: b) +6 spear "Oqorph" {vorpal, rC+ rN+ Int+2 Dex-3}
Press: ? - help, Dir - move target, f/p - wight
Aim: a wight, wielding the +9 spear of Vaerydgho {speed, Fly rPois rCorr} and wearing a +0 robe (heavily damaged, about 29% to evade the +6 spear "Oqorph")
You reach to attack!
You hit the wight but do no damage.
The wight is heavily damaged.
The killer bee stings you.
* * * LOW HITPOINT WARNING * * *
The wight is distracted by your dazzling golden aura.
The wight hits you but does no damage. The killer bee closely misses you.
You are too injured to fight recklessly!
The killer bee barely misses you.
Reach: b) +6 spear "Oqorph" {vorpal, rC+ rN+ Int+2 Dex-3}
Press: ? - help, Dir - move target, f/p - wight
Aim: a wight, wielding the +9 spear of Vaerydgho {speed, Fly rPois rCorr} and wearing a +0 robe (heavily damaged, about 29% to evade the +6 spear "Oqorph")
The killer bee is in the way.
You closely miss the killer bee. You block the killer bee's attack.
The wight hits you but does no damage. You block the killer bee's attack.
Reach: b) +6 spear "Oqorph" {vorpal, rC+ rN+ Int+2 Dex-3}
Press: ? - help, Dir - move target, f/p - wight
Aim: a wight, wielding the +9 spear of Vaerydgho {speed, Fly rPois rCorr} and wearing a +0 robe (heavily damaged, about 29% to evade the +6 spear "Oqorph")
The killer bee is in the way.
You barely miss the killer bee.
The killer bee stings you but does no damage.
The wight hits you from afar with the +9 spear of Vaerydgho {speed, Fly rPois rCorr}!
* * * LOW HITPOINT WARNING * * *
The killer bee barely misses you.
The wight hits you from afar with the +9 spear of Vaerydgho {speed, Fly rPois rCorr}!
You die...
Your body crumbles into a pile of gold.

######## ###
.#.######.......
..# .......@y.# ##
#.# ...######z#
...##.## . ####$#
#......[ ..###..z.#
# #.##... .....y#.#
.# ###.
.##...#.##.# #. #
####..<.....# #.
#..#...........####
#.
...................
#.


You could see a killer bee and a wight.

Vanquished Creatures
  Prince Ribbit (D:5)
  8 water moccasins
  An ice beast (D:6)
  3 black bears
  2 orc warriors
  A necrophage (D:5)
  3 centaurs
  3 phantoms
  4 kobold brigands
  A water moccasin zombie (D:5)
  4 scorpions
  8 killer bees
  2 wights (D:8)
  A bullfrog zombie (D:5)
  5 howler monkeys
  3 centaur zombies
  A hound (D:5)
  An orc priest (D:7)
  Crazy Yiuf (D:6)
  A bullfrog skeleton (D:7)
  A centaur skeleton (D:7)
  3 iguanas
  4 orc wizards
  A killer bee zombie (D:8)
  3 hound skeletons (D:5)
  A mummy (Ossuary)
  3 adders
  9 river rats (D:5)
  3 shadow imps
  2 white imps
  2 ufetubi (D:6)
  2 dart slugs
  20 orcs
  3 spectral bats (Ossuary)
  3 ball pythons
  A bat simulacrum (Ossuary)
  10 endoplasms
  5 giant cockroaches
  12 gnoll zombies (Ossuary)
  4 goblins
  8 hobgoblins
  17 kobolds
  10 quokkas
  2 bats
  2 frilled lizards
  A goblin simulacrum (Ossuary)
  6 goblin zombies (Ossuary)
  2 hobgoblin zombies (Ossuary)
  4 kobold simulacra (Ossuary)
  6 kobold zombies (Ossuary)
  4 orc zombies (Ossuary)
  19 rats
  6 rat simulacra (Ossuary)
  A spectral goblin (Ossuary)
  3 spectral kobolds (Ossuary)
  4 spectral rats (Ossuary)
241 creatures vanquished.

Notes
Turn   | Place    | Note
-------+----------+-------------------------------------------
     0 | D:1      | HallandMoats the Ghoul Fighter began the quest for the Orb.
     0 | D:1      | Reached XP level 1. HP: 19/19 MP: 0/0
   439 | D:1      | Reached XP level 2. HP: 22/26 MP: 1/1
   721 | D:1      | Found a faded altar of an unknown god.
   730 | D:1      | Prayed at the altar of an unknown god.
   730 | D:1      | Became a worshipper of Gozag Ym Sagoz the Greedy
   789 | D:1      | Reached XP level 3. HP: 29/31 MP: 2/2
  1484 | D:2      | Reached XP level 4. HP: 37/40 MP: 3/3
  1527 | D:2      | Reached skill level 1 in Dodging
  2113 | D:3      | Reached skill level 4 in Fighting
  2592 | D:3      | Noticed a kobold brigand
  2594 | D:3      | Noticed a kobold brigand
  2601 | D:3      | Killed a kobold brigand
  2602 | D:3      | Reached XP level 5. HP: 20/47 MP: 4/4
  2606 | D:3      | Killed a kobold brigand
  3004 | D:4      | Reached XP level 6. HP: 36/53 MP: 5/5
  3245 | D:4      | Noticed a water moccasin
  3255 | D:4      | Killed a water moccasin
  3429 | D:4      | Reached skill level 5 in Fighting
  3436 | D:4      | Reached XP level 7. HP: 61/61 MP: 6/6
  4378 | D:5      | Entered Level 5 of the Dungeon
  4621 | D:5      | Reached skill level 6 in Fighting
  4623 | D:5      | Reached XP level 8. HP: 70/70 MP: 7/7
  4927 | D:5      | Found a blossoming altar of Fedhas.
  5080 | D:5      | Reached skill level 5 in Axes
  5533 | D:5      | Noticed Prince Ribbit
  5548 | D:5      | Killed Prince Ribbit
  5549 | D:5      | Reached skill level 7 in Fighting
  6271 | D:6      | Reached XP level 9. HP: 79/79 MP: 8/8
  6284 | D:6      | Found a staircase to the Ecumenical Temple.
  6684 | D:6      | Found a runed translucent door.
  6685 | D:6      | Noticed Crazy Yiuf
  6794 | D:6      | Reached skill level 8 in Fighting
  6794 | D:6      | Reached skill level 5 in Armour
  7307 | D:6      | Killed Crazy Yiuf
  7508 | D:7      | Identified the +6 spear "Oqorph" {vorpal, rC+ rN+ Int+2
                  | Dex-3}
  7768 | D:7      | Found Tirobafa's Weapon Shoppe.
  8309 | D:7      | Reached skill level 9 in Fighting
  8628 | D:7      | Reached XP level 10. HP: 67/91 MP: 9/9
  8905 | D:7      | Found Bielobi's Magic Scroll Emporium.
  9097 | D:7      | Found Oruquse's General Store.
  9252 | D:8      | Identified a scroll of acquirement
  9252 | D:8      | Acquired the +1 pair of boots of the Vacuum {rC- Str+4
                  | Dex+4}
  9310 | D:8      | Found a sand-covered staircase.
  9322 | Ossuary  | Entered an ossuary
 10095 | D:8      | Reached skill level 5 in Dodging
 10265 | D:8      | Identified the +9 spear of Vaerydgho {speed, Fly rPois
                  | rCorr}
 10306 | D:8      | Slain by a wight

Illustrated notes

Levels and vault maps discovered:
D:1:      elethiomel_arrival_shortcut, layout_basic, basic_ecumenical_altar
D:2:      layout_basic, corexii_item_surrounded_by_moat
D:3:      cheibrodos_thug_alley, layout_basic
D:4:      layout_basic, minmay_misc_feat_plants, roderic_serpentine_path
D:5:      lemuel_ratsnest, layout_basic, mainiacjoe_overflow_six_doors_small,
          hex_large, uniq_prince_ribbit1
D:6:      layout_loops_ring, minmay_temple_entry_sparse_star,
          uniq_crazy_yiuf_cottage
D:7:      layout_basic, serial_shops, nicolae_lakefront_shop, shop, shop
D:8:      layout_loops_ring, nicolae_ossuary_entry_monument

Skill      XL: |  1  2  3  4  5  6  7  8  9 10 |
---------------+-------------------------------+-----
Axes           | 2 3 4 5 7 |  7.8
Shields        | 3 4 |  4.2
Dodging        | 1 2 3 4 5 |  5.1
Fighting       | 4 5 6 7 9 |  9.7
Armour         | 3 4 5 6 |  6.0

Action                   |  1- 3 |  4- 6 |  7- 9 | 10-12 || total
-------------------------+-------+-------+-------+-------++-------
Melee: War axe           |    97 |    55 |       |       ||   152
       Battleaxe         |       |    41 |   313 |       ||   354
       Spear             |       |       |    25 |   214 ||   239
Evoke: Wand              |       |       |     1 |       ||     1
  Use: Potion            |       |       |     1 |       ||     1
       Scroll            |       |       |     8 |     4 ||    12
 Stab: Distracted        |       |       |       |     2 ||     2
Armor: Scale mail        |    53 |    47 |     5 |       ||   105
       Plate armour      |       |       |   319 |    78 ||   397
Dodge: Dodged            |    43 |    49 |   175 |    54 ||   321
Block: Buckler           |    18 |    11 |     8 |    30 ||    67

Table legend: (Time is in decaauts)
 A = Elapsed time spent in this place.
 B = Non-inter-level travel time spent in this place.
 C = Inter-level travel time spent in this place.
 D = Time resting spent in this place.
 E = Time spent auto-exploring this place.
 F = Levels seen in this place.
 G = Mean time per level.
                   A        B        C        D        E       F      G
               +--------+--------+--------+--------+--------+-----+--------+
         Total |  10515 |  10142 |    373 |    892 |   7532 |   9 | 1168.3 |
       Dungeon |  10033 |   9660 |    373 |    792 |   7291 |   8 | 1254.1 |
       Ossuary |    481 |    481 |      0 |    100 |    241 |   1 |  481.0 |
               +--------+--------+--------+--------+--------+-----+--------+

Top non-repeatable levels by time:
     D:5: 1941 daAuts
     D:6: 1561 daAuts
     D:7: 1489 daAuts
     D:4: 1376 daAuts
     D:1: 1242 daAuts
     D:3: 1063 daAuts
     D:2: 801 daAuts
     D:8: 557 daAuts
 Ossuary: 481 daAuts
